 Dungeon Crawl Stone Soup version 0.31-a0-806-g0bc164a743 (webtiles) character file.

Game seed: 3959740333352607061

102 snarfax the Shield-Bearer (level 4, -2/28 HPs)
             Began as a Gargoyle Fighter on Sept 21, 2023.
             Slain by an ogre
             ... wielding a +0 giant spiked club
              (12 damage)
             ... on level 3 of the Dungeon.
             The game lasted 00:03:13 (1796 turns).

snarfax the Shield-Bearer (Gargoyle Fighter)        Turns: 1796, Time: 00:03:13

Health: -2/28      AC: 13    Str: 22    XL:     4   Next: 77%
Magic:  4/4        EV:  8    Int:  8    God:
Gold:   106        SH:  4    Dex:  9    Spells: 3/3 levels left

rFire   . . .        a - +0 war axe
rCold   . . .        c - +0 buckler
rNeg    + + .        l - +0 chain mail
rPois   ∞            (no helmet)
rElec   +            (no cloak)
rCorr   +            h - +0 pair of gloves
SInv    .            (no boots)
Will    .....        (no amulet) Stlth
                     g - ring of resist corrosion
HPRegen 0.24/turn    i - ring of positive energy
MPRegen 0.09/turn

%: no passive effects
@: no status effects
A: sickness immunity, AC +3, negative energy resistance 1, electricity
resistance, torment resistance 1, petrification resistance
a: no special abilities


You were on level 3 of the Dungeon.
You visited 1 branch of the dungeon, and saw 3 of its levels.

You collected 106 gold pieces.

Inventory:

Hand Weapons
 a - a +0 war axe (weapon)
Armour
 c - a +0 buckler (worn)
 h - a +0 pair of gloves (worn)
 l - a +0 chain mail (worn)
Jewellery
 g - a ring of resist corrosion (left hand)
 i - a ring of positive energy (right hand)
Scrolls
 k - a scroll of revelation
Potions
 d - a potion of might
 e - a potion of haste
 f - a potion of brilliance
 j - a potion of curing


   Skills:
 - Level 3.2 Fighting
 * Level 3.7 Axes
 - Level 3.2 Armour
 + Level 4.3 Shields


You had 3 spell levels left.
You didn't know any spells.
Your spell library contained the following spells:

 Spells                   Type           Power      Damage    Failure   Level
 Magic Dart               Conj           0%         1d3       98%         1
 Call Imp                 Summ           0%         N/A       99%         2
 Mephitic Cloud           Conj/Pois/Air  0%         N/A       100%        3
 Tukima's Dance           Hex            0%         N/A       100%        3
 Leda's Liquefaction      Hex/Erth       0%         N/A       100%        4
 Passage of Golubria      Tloc           0%         N/A       100%        4
 Lee's Rapid Deconstruct  Erth           0%         3d4*      100%        5
 Yara's Violent Unravell  Hex/Tmut       0%         3d3       100%        5
 Leda's Unmaking          Conj/Erth      0%         9d1       100%        6


Dungeon Overview and Level Annotations

Branches:
Dungeon (3/15)

Altars:


Innate Abilities, Weirdness & Mutations

You are immune to sickness and miasma.
Your stone body is resilient. (AC +3)
You are immune to poison.
You resist negative energy. (rN+)
You are resistant to electric shocks. (rElec)
You are resistant to unholy torment.
You are immune to petrification.


Message History

You block the goblin's attack.
You closely miss the goblin.
The goblin hits you but does no damage. x2
You barely miss the goblin. The goblin hits you with a +0 dagger.
You miss the goblin. You block the goblin's attack.
You slash the goblin!
You kill the goblin!
The giant cockroach bites you but does no damage.
You closely miss the giant cockroach. You block the giant cockroach's attack.
The giant cockroach closely misses you.
You slash the giant cockroach!
You kill the giant cockroach!
You hit the endoplasm.
The endoplasm is severely wounded.
The endoplasm hits you. The endoplasm freezes you.
You are frozen.
You slash the endoplasm!
You kill the endoplasm!
You completely miss the goblin. The goblin hits you but does no damage.
You slash the goblin!
You kill the goblin!
No target in view!
HP restored.
Things that are here:
a +0 dagger; a +0 dagger You see here an orb of light.
You pick up a book of Minor Magic and begin reading...
You add the spells Magic Dart, Call Imp and Mephitic Cloud to your library.
Found a stone staircase leading up.
There is a stone staircase leading up here.
An ogre comes into view. It is wielding a +0 giant spiked club.
The ogre shouts!
You slash the ogre!
The ogre is heavily wounded.
The ogre hits you with a +0 giant spiked club!!
Ouch! That really hurt!
You closely miss the ogre.
The ogre is heavily wounded.
The ogre hits you with a +0 giant spiked club!
You die...

.................#
##.#############.#
......# #.#
#####.######## #.#
####........# #.#
#............ #.#
#.#########.. #.#
#.# #.# #.# #@#
#.# #O# #.# ...
#.# .#... ##.#
#...... ...# #
###### ##.# #.#
#.#


You could see an ogre.

Vanquished Creatures
  4 adders (D:2)
  3 worms (D:2)
  4 dart slugs
  7 endoplasms
  3 giant cockroaches
  6 goblins
  3 hobgoblins
  4 jackals (D:2)
  A quokka (D:1)
  A ball python (D:1)
  3 bats
  3 frilled lizards
  3 kobolds
  A rat (D:1)
46 creatures vanquished.

Notes
Turn   | Place    | Note
-------+----------+-------------------------------------------
     0 | D:1      | snarfax the Gargoyle Fighter began the quest for the Orb.
     0 | D:1      | Reached XP level 1. HP: 14/14 MP: 1/1
    98 | D:1      | Reached XP level 2. HP: 3/19 MP: 2/2
   684 | D:2      | Reached XP level 3. HP: 20/23 MP: 3/3
   842 | D:2      | Reached skill level 4 in Shields
   912 | D:2      | Reached XP level 4. HP: 28/28 MP: 4/4
  1793 | D:3      | Noticed an ogre
  1796 | D:3      | Slain by an ogre

Illustrated notes

Levels and vault maps discovered:
D:1:      dpeg_arrival_lava_temple_mockup, layout_basic
D:2:      kb_forest_paths, layout_basic
D:3:      layout_basic, minmay_rat_hole

Skill      XL: |  1  2  3 |
---------------+----------+-----
Axes           | 2 3 |  3.7
Shields        | 4 |  4.3
Fighting       | |  3.2
Armour         | |  3.2

Action                     |  1- 3 |  4- 6 || total
---------------------------+-------+-------++-------
  Melee: War axe           |    95 |    40 ||   135
    Use: Scroll            |     5 |     2 ||     7
 Armour: Scale mail        |    63 |    25 ||    88
         Chain mail        |       |     9 ||     9
  Dodge: Dodged            |    32 |    18 ||    50
  Block: Buckler           |    12 |     9 ||    21

Table legend: (Time is in decaauts)
 A = Elapsed time spent in this place.
 B = Non-inter-level travel time spent in this place.
 C = Inter-level travel time spent in this place.
 D = Time resting spent in this place.
 E = Time spent auto-exploring this place.
 F = Levels seen in this place.
 G = Mean time per level.
                   A        B        C        D        E       F      G
               +--------+--------+--------+--------+--------+-----+--------+
         Total |   1848 |   1824 |     24 |     77 |   1372 |   3 |  616.0 |
       Dungeon |   1848 |   1824 |     24 |     77 |   1372 |   3 |  616.0 |
               +--------+--------+--------+--------+--------+-----+--------+

Top non-repeatable levels by time:
     D:2: 881 daAuts
     D:1: 642 daAuts
     D:3: 324 daAuts
